 Dungeon Crawl Stone Soup version 0.18-a0-1044-g2bb894f (webtiles) character file.

3740 Kristof the Magician (level 10, -14/56 HPs)
             Began as a Gargoyle Earth Elementalist on Jan 11, 2016.
             Was a Believer of Vehumet.
             Engulfed by a cloud of flame (25 damage)
             ... on level 9 of the Dungeon.
             The game lasted 00:40:46 (8844 turns).

Kristof the Magician (Gargoyle Earth Elementalist)  Turns: 8844, Time: 00:40:47

Health: -14/56     AC: 17    Str: 13    XL:     10   Next: 15%
Magic:  18/21      EV: 12    Int: 18    God:    Vehumet [**....]
Gold:   687        SH:  0    Dex: 10    Spells: 5 memorised, 11 levels left

rFire  . . .     SeeInvis .     b - 159 stones
rCold  . . .     Gourm    .     a - +1 robe
rNeg   + . .     Faith    .     (no shield)
rPois  ∞         Spirit   .     (no helmet)
rElec  +         Dismiss  .     G - +0 cloak (curse)
rCorr  .         Reflect  .     g - +1 pair of gloves
SustAt .         Harm     .     u - +1 pair of boots
MR     .....                    J - amulet of regeneration
Stlth  ++........               S - +3 ring of protection
                                h - +3 ring of protection

@: corroded equipment, not resistant to hostile enchantments, unstealthy
A: negative energy resistance 1, electricity resistance, unbreathing,
petrification resistance, rot immunity, AC +7
a: Renounce Religion


You were on level 9 of the Dungeon.
You worshipped Vehumet.
Vehumet was pleased with you.
You were not hungry.

You visited 2 branches of the dungeon, and saw 10 of its levels.

You collected 687 gold pieces.

Inventory:

Hand Weapons
 n - a +2 whip of flaming
 y - a +5 dagger of electrocution
 I - a +5 broad axe of chopping
 M - a +2 trident of piercing
 O - the +7 flail of Sulphur {drain, *Rage rPois Str+6 SInv}
   (You found it on level 7 of the Dungeon)

   A truly terrible weapon, it drains the life of those it strikes.
   It affects your strength (+6).
   It protects you from poison.
   It lets you see invisible.
   It may make you go berserk in combat.
Missiles
 b - 159 stones (in hand)
Armour
 a - a +1 robe (worn)
 g - a +1 pair of gloves (worn)
 u - a +1 pair of boots (worn)
 F - a +0 large shield
 G - a cursed +0 cloak (worn)
Magical Staves
 Q - an uncursed staff of wizardry
Jewellery
 f - an uncursed ring of protection from fire
 h - a +3 ring of protection (left hand)
 p - an uncursed ring of sustain attributes
 J - an amulet of regeneration (around neck)
 L - an uncursed ring of resist corrosion
 R - an uncursed amulet of faith {unknown}
 S - a +3 ring of protection (right hand)
 V - an uncursed ring of flight
Wands
 t - a wand of magic darts (28/48)
 B - a wand of random effects (38/48)
 T - a wand of cold (0/15)
Scrolls
 k - 3 scrolls of teleportation
 o - 3 scrolls of blinking
 E - a scroll of fear
 W - a scroll of fog
Potions
 e - a potion of haste
 i - a potion of cancellation
 j - 8 potions of curing
 l - 2 potions of invisibility
 r - a potion of degeneration {unknown}
 s - 2 potions of resistance
 v - a potion of brilliance {unknown}
 w - a potion of might {unknown}
 x - 2 potions of cure mutation
 A - 3 potions of heal wounds
 C - a potion of mutation {unknown}
 P - a potion of ambrosia {unknown}
 U - a potion of agility {unknown}
Books
 c - a book of Geomancy

   Spells                             Type                      Level
   a - Sandblast                      Earth                        1
   b - Stoneskin                      Transmutation/Earth          2
   c - Passwall                       Transmutation/Earth          3
   d - Stone Arrow                    Conjuration/Earth            3
   e - Petrify                        Transmutation/Earth          4
   f - Lee's Rapid Deconstruction     Earth                        5
 H - a book of Alchemy

   Spells                             Type                      Level
   a - Sublimation of Blood           Necromancy                   2
   b - Ignite Poison                  Fire/Transmutation/Poison    3
   c - Condensation Shield            Ice                          4
   d - Petrify                        Transmutation/Earth          4
   e - Alistair's Intoxication        Transmutation/Poison         5
   f - Irradiate                      Conjuration/Transmutation    5
 K - a Fen Folio

   Spells                             Type                      Level
   a - Corpse Rot                     Necromancy                   2
   b - Stone Arrow                    Conjuration/Earth            3
   c - Leda's Liquefaction            Hexes/Earth                  4
   d - Summon Forest                  Summoning/Translocation      5
   e - Hydra Form                     Transmutation                6
   f - Summon Hydra                   Summoning                    7
Comestibles
 d - 5 bread rations
 m - 3 meat rations
 q - 2 royal jellies
 z - 2 slices of pizza
 D - 9 chunks of flesh


   Skills:
 + Level 3.2 Fighting
 + Level 3.6 Maces & Flails
 + Level 3.8 Armour
 + Level 3.3 Dodging
 - Level 2.1 Stealth
 + Level 3.9 Shields
 * Level 7.5 Spellcasting
 + Level 5.7 Conjurations
 - Level 0.7 Transmutations
 + Level 1.2 Fire Magic
 + Level 7.3 Earth Magic
 + Level 3.0 Evocations


You had 11 spell levels left.
You knew the following spells:

 Your Spells              Type           Power        Failure   Level  Hunger
a - Sandblast             Erth           ####..       1%          1    None
b - Stoneskin             Trmt/Erth      ###.....     3%          2    None
c - Stone Arrow           Conj/Erth      ####..       2%          3    #......
d - Lee's Rapid Deconstr  Erth           ####......   17%         5    #####..
e - Throw Flame           Conj/Fire      ###...       4%          2    None


Dungeon Overview and Level Annotations

Branches:
Dungeon (9/15)             Temple (1/1) D:5             Orc (0/2) D:9
   Lair: D:8-11

Altars:
Ashenzari
Cheibriados
Dithmenos
Elyvilon
Fedhas
Gozag
Kikubaaqudgha
Makhleb
Nemelex Xobeh
Okawaru
Pakellas
Qazlal
Ru
Sif Muna
Trog
Vehumet
Xom
Yredelemnul
Zin
The Shining One


Innate Abilities, Weirdness & Mutations

You are resistant to torment.
Your stone body is resilient (AC +7).
You are immune to poison.
You resist negative energy.
You are resistant to electric shocks.
You can survive without breathing.
You are immune to petrification.
You are immune to rotting.


Message History

Aim: a kobold (inner flame)
The stone arrow hits the jelly.
The jelly is almost dead.
The jelly hits you.
You are splashed with acid!
The acid corrodes you!
The acid burns!
There is an open door here.
The jelly jiggles.
Casting: Stone Arrow
Confirm with . or Enter, or press ? or * to list all spells.
Aiming: Stone Arrow
Press: ? - help, Shift-Dir - straight line, f/p - kobold
Aim: a kobold (inner flame)
The stone arrow hits the jelly.
The jelly explodes!
The fiery explosion engulfs you!
Ouch! That really hurt!
* * * LOW HITPOINT WARNING * * *
Vehumet accepts your kill.
You feel your power returning.
You are engulfed in roaring flames.
You die...

##...### ###...# ####+#####
##########.## ##........###
#>..........# K#.....K..K.#
#...........# .K...K..K.#.#
#...........#
##).......#.###...........#
#........#.K##§§.........#
#........##.K.§@.........#
#........#####§§>........#
#........# .............#
####+######.####.###### #
... #.#. .# # .#


You could see 2 kobolds.

Vanquished Creatures
  Prince Ribbit (D:5)
  5 yaks (D:9)
  2 hungry ghosts
  Edmund (D:5)
  A water moccasin (D:7)
  2 orc warriors
  A sky beast (D:5)
  2 phantoms
  2 ogres (D:6)
  An ice beast (D:3)
  3 centaurs
  A big kobold (D:8)
  2 giant frogs
  A wyvern zombie (D:6)
  3 wights (D:7)
  3 crimson imps
  A hound (D:6)
  9 orc priests
  3 jellies
  A centaur skeleton (D:5)
  2 iguanas
  3 worker ants
  3 orc wizards
  A hound skeleton (D:4)
  Robin (D:4)
  13 adders
  2 oozes
  2 adder skeletons
  4 worms
  4 giant geckos
  33 orcs
  2 bats
  4 giant cockroaches
  7 goblins
  6 hobgoblins
  17 jackals
  3 quokkas
  A ball python (D:6)
  A giant gecko skeleton (D:4)
  5 giant newts
  8 kobolds
  3 rats
170 creatures vanquished.

Notes
Turn   | Place    | Note
--------------------------------------------------------------
     0 | D:1      | Kristof the Gargoyle Earth Elementalist began the quest for the Orb.
     0 | D:1      | Reached XP level 1. HP: 10/10 MP: 3/3
   652 | D:1      | Reached XP level 2. HP: 15/15 MP: 3/5
   887 | D:1      | Learned a level 2 spell: Stoneskin
   980 | D:2      | Reached skill level 4 in Earth Magic
  1014 | D:2      | Reached XP level 3. HP: 11/19 MP: 0/7
  1400 | D:2      | Reached XP level 4. HP: 24/24 MP: 7/9
  1573 | D:2      | Learned a level 3 spell: Stone Arrow
  1703 | D:2      | Found an oddly glowing altar of Pakellas.
  1770 | D:2      | Found a deep blue altar of Sif Muna.
  1773 | D:2      | Found a sparkling altar of Nemelex Xobeh.
  1777 | D:2      | Found a bloodstained altar of Trog.
  1801 | D:2      | Found a glowing silver altar of Zin.
  2141 | D:2      | Found a shattered altar of Ashenzari.
  2431 | D:3      | Reached skill level 1 in Conjurations
  2570 | D:3      | Reached XP level 5. HP: 24/28 MP: 10/10
  2580 | D:3      | Learned a level 5 spell: Lee's Rapid Deconstruction
  2807 | D:3      | Noticed an ice beast
  2818 | D:3      | Killed an ice beast
  2818 | D:3      | Reached skill level 5 in Earth Magic
  2818 | D:3      | Reached XP level 6. HP: 18/32 MP: 1/12
  2976 | D:3      | Found a white marble altar of Elyvilon.
  3495 | D:4      | Reached skill level 5 in Spellcasting
  3560 | D:4      | Noticed Robin
  3578 | D:4      | Killed Robin
  3578 | D:4      | Reached XP level 7. HP: 32/36 MP: 14/14
  3984 | D:5      | Entered Level 5 of the Dungeon
  4189 | D:5      | Found a shimmering altar of Xom.
  4252 | D:5      | Noticed Prince Ribbit
  4266 | D:5      | Killed Prince Ribbit
  4354 | D:5      | Reached skill level 6 in Spellcasting
  4895 | D:5      | Found a staircase to the Ecumenical Temple.
  4904 | Temple   | Entered the Ecumenical Temple
  4919 | Temple   | Became a worshipper of Vehumet
  5111 | D:5      | Noticed Edmund
  5130 | D:5      | Killed Edmund
  5130 | D:5      | Reached XP level 8. HP: 34/42 MP: 9/17
  5310 | D:6      | Found a stormy altar of Qazlal.
  5330 | D:6      | Reached skill level 1 in Fighting
  5330 | D:6      | Reached skill level 1 in Maces & Flails
  5441 | D:6      | Reached skill level 1 in Shields
  5441 | D:6      | Reached skill level 1 in Evocations
  5634 | D:6      | Reached skill level 1 in Armour
  6322 | D:6      | Reached * piety under Vehumet
  6322 | D:6      | Offered knowledge of Freeze by Vehumet.
  6652 | D:7      | Reached XP level 9. HP: 44/48 MP: 8/18
  7101 | D:7      | Got a shimmering flail
  7102 | D:7      | Identified the +7 flail of Sulphur {drain, *Rage rPois Str+6 SInv} (You found it on level 7 of the Dungeon)
  7683 | D:7      | Reached skill level 5 in Conjurations
  7688 | D:7      | Reached skill level 7 in Spellcasting
  8045 | D:8      | Found a sacrificial altar of Ru.
  8530 | D:8      | Offered knowledge of Throw Flame by Vehumet.
  8534 | D:8      | Learned a level 2 spell: Throw Flame
  8594 | D:9      | Reached ** piety under Vehumet
  8661 | D:9      | Found a staircase to the Orcish Mines.
  8702 | D:9      | Reached XP level 10. HP: 52/56 MP: 16/21
  8719 | D:9      | Reached skill level 1 in Fire Magic
  8844 | D:9      | Engulfed by a cloud of flame

Vault maps used:
D:1:      dpeg_arrival_arbitrary_a
D:2:      marbit_many_paths, nicolae_overflow_hidden_temple
D:3:      elyvilon_altar_5, first_bread
D:4:      grunt_decor_fettered, nrook_loot_triangle, uniq_robin
D:5:      minmay_temple_entry_poolview, xom_teletrap_fun, uniq_edmund,
          uniq_prince_ribbit1
D:6:      basic_altar
D:8:      nicolae_ru_path_of_blood
D:9:      minmay_lair_entry_grove, basic_altar
Temple:   circular_temple_12

Action                   |  1- 3 |  4- 6 |  7- 9 | 10-12 || total
-------------------------+-------+-------+-------+-------++-------
Melee: Whip              |    15 |    81 |       |       ||    96
       Short sword       |       |    25 |       |       ||    25
       Dagger            |       |    39 |    94 |       ||   133
       Flail             |       |       |    37 |       ||    37
 Cast: Sandblast         |    28 |    69 |   114 |    16 ||   227
       Stone Arrow       |       |     1 |    23 |     2 ||    26
       Throw Flame       |       |       |     2 |       ||     2
Evoke: Wand              |       |       |       |     2 ||     2
  Use: Scroll            |     8 |     4 |    10 |     1 ||    23
 Stab: Sleeping          |       |     1 |     1 |       ||     2
  Eat: Chunk             |     2 |     7 |    15 |     1 ||    25
       Beef jerky        |       |       |     1 |       ||     1
